Connexion

Bears vs Barracuda

Created - 3 novembre 2023 at 05:17

Goals
1 2 3 T
Bears 1 2 1 4
Barracuda 1 2 0 3
Shots
1 2 3 T
Bears 10 10 10 30
Barracuda 11 14 9 34

GoalsPenalties
1st period
1. Barracuda , Trent Frederic 16 (Nicolas Meloche 19, Matthew Phillips 23) at 12:05
2. Bears , Buddy Robinson 9 (Lean Bergmann 15, Arttu Ruotsalainen 14) at 18:47
Alexis D'Aoust (SAN) for High sticking (Minor) at 1:00
Lean Bergmann (HER) for Hooking (Minor) at 15:47
Nicolas Meloche (SAN) for Roughing (Minor) at 18:49
2nd period
3. Bears , Kyle Burroughs 1 (Joona Luoto 17, Cole Koepke 14) at 4:16
4. Bears , Tyrell Goulbourne 4 (Kyle Burroughs 10, Maxim Letunov 2) at 6:06
5. Barracuda , Brendan Warren 17 (Robert Bortuzzo 11, Scott Harrington 28) at 16:38
6. Barracuda , Fredrik Olofsson 9 (Scott Harrington 29, Jordy Bellerive 7) at 18:53
Lean Bergmann (HER) for Holding (Minor) at 10:19
Jordy Bellerive (SAN) for Holding (Minor) at 12:34
Nicolas Meloche (SAN) for Holding (Minor) at 18:58
3rd period
7. Bears , Cole Koepke 21 (Justin Dowling 20, Joona Luoto 18) at 13:00 (PP)
Lean Bergmann (HER) for Hooking (Minor) at 2:13
Nicolas Meloche (SAN) for Holding (Minor) at 11:23
Graham Knott (SAN) for High sticking (Minor) at 15:38
Chad Krys (HER) for Hooking (Minor) at 15:38
Trent Frederic (SAN) for Tripping (Minor) at 18:53
Goalie Stats
Mikhal Berdin (HER), 31 saves from 34 shots - (0,912), W, 6-10-3, 60:00 minutes
Ken Appleby (SAN), 26 saves from 30 shots - (0,867), L, 23-8-5, 60:00 minutes
3 StarsOfficial
1 - Kyle Burroughs (HER)
2 - Cole Koepke (HER)
3 - Tyrell Goulbourne (HER)
Referees : Mike Hasenfratz and Mike Leggo
Linesman : Mark Shewchyk and Shane Heyer
Game Note
Gustav Olofsson is injured at 16:17 of 2nd period (Right Ankle)
Finance
Level 1 -- Attendance: 1931 (96,55%) -- Ticket Income 67 585 $
Level 2 -- Attendance: 1000 (100,00%) -- Ticket Income 15 000 $
Total Attendance: 2931 (97,70%)
Total Ticket Income: 82 585 $
Other Income: 16 517 $
Total Income: 99 102 $



Team Name Goals Shots Shots Attemp Shots Blocked PIM HIT PP PK FO%
Bears 43059108271 / 6 (17%)052%
Barracuda 334721114230 / 3 (0%)148%

Bears
Player Name POS G A P +/- PIM HIT SHT SB MP PP MP PP SHT PK MP PK SHT FO% FOT
Arttu RuotsalainenC0110012119:193:5702:03057% 28
Austin WatsonC/LW/RW000102104:050:0000:0000% 0
Beck MalenstynLW0000020013:280:0502:0300% 1
Brennan MenellD0002000219:362:2702:5400% 0
Buddy RobinsonRW1010002013:190:0000:0000% 0
Chad KrysD000-2210218:045:0600:2000% 0
Christoffer EhnC/LW0000010014:290:0003:38025% 12
Cole KoepkeLW112-1025020:376:4240:00050% 2
Dennis GilbertD000-3032021:085:4721:5300% 0
Gustav OlofssonD0001021115:532:1311:1000% 0
Jay BeagleC/RW0000031014:540:0003:34070% 10
Joona LuotoLW/RW022-1012020:326:3710:0000% 3
Jordie BennD0000050126:215:1702:4300% 0
Justin DowlingC/LW/RW011-1013021:566:3720:06067% 33
Kyle BurroughsD1122021116:430:2802:5400% 0
Lean BergmannLW/RW0110605117:133:5700:0000% 1
Maxim LetunovC011100105:060:0500:0000% 5
Tyrell GoulbourneLW101101419:173:5710:3000% 0
Barracuda
Player Name POS G A P +/- PIM HIT SHT SB MP PP MP PP SHT PK MP PK SHT FO% FOT
Adam Cracknell C/LW/RW0000023125:312:1706:42051% 39
Alex DostieC/LW0000003010:570:2400:53069% 13
Alexis D'AoustC/RW0000221014:533:1600:0000% 0
Anatoly GolyshevLW/RW000000105:080:0000:0000% 0
Andrei AltybarmakyanRW000002209:310:0000:00050% 2
Andy WelinskiD0000011125:113:3714:5900% 0
Bode WildeD000-1010114:530:0002:4600% 0
Brendan WarrenC/LW1010014118:473:1603:18036% 28
Brent GatesC/LW0000032018:333:1613:04050% 4
Fredrik OlofssonC/LW101000205:080:0000:0000% 0
Graham KnottC/LW0000213211:230:0001:53033% 3
Jordy BelleriveC011020005:310:2400:00050% 4
Julius BergmanD000-1012112:170:0000:1000% 0
Matthew PhillipsC/RW0110003117:492:4100:000100% 1
Nicolas MelocheD0110611022:143:3712:0500% 0
Robert BortuzzoD0111020322:382:2005:3600% 0
Scott HarringtonD0221001022:442:2005:4200% 0
Trent FredericC/LW1010265024:072:1715:2800% 1



Play-by-Play

1st period


0:01 of 1st period - Cole Koepke wins face-off versus Trent Frederic in neutral zone.
0:01 of 1st period - Justin Dowling is hit by Trent Frederic and loses puck.
0:31 of 1st period - Icing by Jordie Benn.
0:32 of 1st period - Justin Dowling wins face-off versus Brendan Warren in Bears zone.
0:32 of 1st period - Justin Dowling is hit by Alexis D'Aoust.
1:00 of 1st period - Minor Penalty to Alexis D'Aoust for High sticking.
1:01 of 1st period - Adam Cracknell wins face-off versus Arttu Ruotsalainen in Barracuda zone.
1:12 of 1st period - Nicolas Meloche is hit by Tyrell Goulbourne and loses puck.
2:36 of 1st period - Shot by Brent Gates.
2:36 of 1st period - Shot Blocked by Chad Krys.
2:38 of 1st period - Shot by Scott Harrington.
2:38 of 1st period - Shot Blocked by Chad Krys.
2:40 of 1st period - Shot by Robert Bortuzzo.
2:40 of 1st period - Shot Blocked by Arttu Ruotsalainen.
3:01 of 1st period - Icing by Jordie Benn.
3:02 of 1st period - Alex Dostie wins face-off versus Christoffer Ehn in Bears zone.
3:17 of 1st period - Alex Dostie is hit by Jay Beagle and loses puck.
4:02 of 1st period - Shot by Austin Watson.
4:02 of 1st period - Stopped by Ken Appleby without a rebound.
4:03 of 1st period - Adam Cracknell wins face-off versus Justin Dowling in Barracuda zone.
4:18 of 1st period - Shot by Adam Cracknell .
4:18 of 1st period - Stopped by Mikhal Berdin with a rebound.
4:22 of 1st period - Shot by Trent Frederic.
4:22 of 1st period - Stopped by Mikhal Berdin with a rebound.
4:24 of 1st period - Shot by Matthew Phillips.
4:24 of 1st period - Stopped by Mikhal Berdin without a rebound.
4:25 of 1st period - Arttu Ruotsalainen wins face-off versus Brendan Warren in Bears zone.
4:25 of 1st period - Arttu Ruotsalainen is hit by Brendan Warren.
4:40 of 1st period - Shot by Alexis D'Aoust.
4:40 of 1st period - Shot Misses the Net.
5:31 of 1st period - Icing by Scott Harrington.
5:32 of 1st period - Adam Cracknell wins face-off versus Justin Dowling in Barracuda zone.
6:08 of 1st period - Joona Luoto is hit by Trent Frederic and loses puck.
6:14 of 1st period - Chad Krys is hit by Adam Cracknell and loses puck.
6:36 of 1st period - Matthew Phillips is hit by Austin Watson.
7:08 of 1st period - Shot by Jordy Bellerive.
7:08 of 1st period - Shot Blocked by Kyle Burroughs.
7:10 of 1st period - Shot by Anatoly Golyshev.
7:10 of 1st period - Shot Misses the Net.
7:12 of 1st period - Shot by Julius Bergman.
7:12 of 1st period - Stopped by Mikhal Berdin without a rebound.
7:13 of 1st period - Arttu Ruotsalainen wins face-off versus Brendan Warren in Bears zone.
7:45 of 1st period - Shot by Lean Bergmann.
7:45 of 1st period - Shot Misses the Net.
7:47 of 1st period - Shot by Arttu Ruotsalainen.
7:47 of 1st period - Stopped by Ken Appleby without a rebound.
7:48 of 1st period - Alex Dostie wins face-off versus Christoffer Ehn in Barracuda zone.
7:48 of 1st period - Alex Dostie is hit by Jay Beagle.
8:33 of 1st period - Icing by Alex Dostie.
8:34 of 1st period - Justin Dowling wins face-off versus Graham Knott in Barracuda zone.
8:38 of 1st period - Icing by Bode Wilde.
8:39 of 1st period - Arttu Ruotsalainen wins face-off versus Alex Dostie in Barracuda zone.
8:40 of 1st period - Shot by Lean Bergmann.
8:40 of 1st period - Shot Misses the Net.
9:04 of 1st period - Shot by Lean Bergmann.
9:04 of 1st period - Stopped by Ken Appleby without a rebound.
9:05 of 1st period - Justin Dowling wins face-off versus Brendan Warren in Barracuda zone.
9:34 of 1st period - Brendan Warren is hit by Cole Koepke and loses puck.
9:40 of 1st period - Icing by Scott Harrington.
9:41 of 1st period - Arttu Ruotsalainen wins face-off versus Brent Gates in Barracuda zone.
9:51 of 1st period - Icing by Jordie Benn.
9:52 of 1st period - Adam Cracknell wins face-off versus Arttu Ruotsalainen in Bears zone.
9:52 of 1st period - Andy Welinski is hit by Jordie Benn and loses puck.
10:10 of 1st period - Matthew Phillips is hit by Gustav Olofsson and loses puck.
10:17 of 1st period - Matthew Phillips is hit by Jordie Benn and loses puck.
10:26 of 1st period - Shot by Matthew Phillips.
10:26 of 1st period - Shot Hit the Post.
10:53 of 1st period - Shot by Fredrik Olofsson.
10:53 of 1st period - Stopped by Mikhal Berdin without a rebound.
10:54 of 1st period - Brent Gates wins face-off versus Justin Dowling in Bears zone.
11:06 of 1st period - Icing by Dennis Gilbert.
11:07 of 1st period - Alex Dostie wins face-off versus Joona Luoto in Bears zone.
11:22 of 1st period - Shot by Alex Dostie.
11:22 of 1st period - Deflect By Andrei Altybarmakyan.
11:22 of 1st period - Stopped by Mikhal Berdin without a rebound.
11:23 of 1st period - Brendan Warren wins face-off versus Christoffer Ehn in Bears zone.
11:44 of 1st period - Shot by Brendan Warren.
11:44 of 1st period - Stopped by Mikhal Berdin without a rebound.
11:45 of 1st period - Justin Dowling wins face-off versus Adam Cracknell in Bears zone.
11:45 of 1st period - Justin Dowling is hit by Trent Frederic.
11:48 of 1st period - Icing by Chad Krys.
11:49 of 1st period - Justin Dowling wins face-off versus Adam Cracknell in Bears zone.
12:05 of 1st period - Shot by Trent Frederic.
12:05 of 1st period - Goal by Trent Frederic - Bears : 0 - Barracuda : 1.
12:06 of 1st period - Arttu Ruotsalainen wins face-off versus Jordy Bellerive in neutral zone.
12:21 of 1st period - Shot by Anatoly Golyshev.
12:21 of 1st period - Shot Misses the Net.
12:33 of 1st period - Shot by Buddy Robinson.
12:33 of 1st period - Shot Misses the Net.
12:41 of 1st period - Shot by Lean Bergmann.
12:41 of 1st period - Stopped by Ken Appleby with a rebound.
13:35 of 1st period - Icing by Andy Welinski.
13:36 of 1st period - Adam Cracknell wins face-off versus Christoffer Ehn in Barracuda zone.
13:40 of 1st period - Off-side.
13:41 of 1st period - Brendan Warren wins face-off versus Maxim Letunov in neutral zone.
13:43 of 1st period - Off-side.
13:44 of 1st period - Arttu Ruotsalainen wins face-off versus Brendan Warren in neutral zone.
13:53 of 1st period - Shot by Lean Bergmann.
13:53 of 1st period - Stopped by Ken Appleby without a rebound.
13:54 of 1st period - Alex Dostie wins face-off versus Christoffer Ehn in Barracuda zone.
15:04 of 1st period - Icing by Robert Bortuzzo.
15:05 of 1st period - Adam Cracknell wins face-off versus Justin Dowling in Barracuda zone.
15:05 of 1st period - Adam Cracknell is hit by Cole Koepke.
15:30 of 1st period - Icing by Matthew Phillips.
15:31 of 1st period - Arttu Ruotsalainen wins face-off versus Adam Cracknell in Barracuda zone.
15:47 of 1st period - Minor Penalty to Lean Bergmann for Hooking.
15:48 of 1st period - Brendan Warren wins face-off versus Jay Beagle in Bears zone.
15:53 of 1st period - Shot by Nicolas Meloche.
15:53 of 1st period - Stopped by Mikhal Berdin without a rebound.
15:54 of 1st period - Jay Beagle wins face-off versus Brendan Warren in Bears zone.
16:19 of 1st period - Shot by Brent Gates.
16:19 of 1st period - Stopped by Mikhal Berdin without a rebound.
16:20 of 1st period - Adam Cracknell wins face-off versus Beck Malenstyn in Bears zone.
16:41 of 1st period - Arttu Ruotsalainen is hit by Trent Frederic.
17:28 of 1st period - Shot by Andy Welinski.
17:28 of 1st period - Stopped by Mikhal Berdin without a rebound.
17:29 of 1st period - Jay Beagle wins face-off versus Brendan Warren in Bears zone.
18:05 of 1st period - Shot by Joona Luoto.
18:05 of 1st period - Shot Misses the Net.
18:07 of 1st period - Shot by Joona Luoto.
18:07 of 1st period - Stopped by Ken Appleby with a rebound.
18:09 of 1st period - Shot by Justin Dowling.
18:09 of 1st period - Stopped by Ken Appleby without a rebound.
18:10 of 1st period - Jordy Bellerive wins face-off versus Arttu Ruotsalainen in Barracuda zone.
18:41 of 1st period - Shot by Buddy Robinson.
18:41 of 1st period - Stopped by Ken Appleby with a rebound.
18:45 of 1st period - Shot by Lean Bergmann.
18:45 of 1st period - Stopped by Ken Appleby with a rebound.
18:47 of 1st period - Shot by Buddy Robinson.
18:47 of 1st period - Goal by Buddy Robinson - Bears : 1 - Barracuda : 1.
18:48 of 1st period - Justin Dowling wins face-off versus Brendan Warren in neutral zone.
18:48 of 1st period - Cole Koepke is hit by Brent Gates and loses puck.
18:49 of 1st period - Minor Penalty to Nicolas Meloche for Roughing.
18:50 of 1st period - Justin Dowling wins face-off versus Adam Cracknell in Barracuda zone.
18:52 of 1st period - Cole Koepke is hit by Andy Welinski and loses puck.
Goals for this period are 1 for Bears vs 1 for Barracuda.
Shots for this period are 10 for Bears vs 11 for Barracuda.

2nd period


0:01 of 2nd period - Justin Dowling wins face-off versus Adam Cracknell in neutral zone.
0:20 of 2nd period - Scott Harrington is hit by Joona Luoto and loses puck.
0:33 of 2nd period - Shot by Gustav Olofsson.
0:33 of 2nd period - Stopped by Ken Appleby without a rebound.
0:34 of 2nd period - Arttu Ruotsalainen wins face-off versus Adam Cracknell in Barracuda zone.
0:34 of 2nd period - Arttu Ruotsalainen is hit by Bode Wilde.
1:02 of 2nd period - Shot by Brent Gates.
1:02 of 2nd period - Stopped by Mikhal Berdin without a rebound.
1:03 of 2nd period - Arttu Ruotsalainen wins face-off versus Alex Dostie in Bears zone.
1:03 of 2nd period - Lean Bergmann is hit by Andrei Altybarmakyan and loses puck.
1:08 of 2nd period - Shot by Alex Dostie.
1:08 of 2nd period - Shot Blocked by Lean Bergmann.
1:10 of 2nd period - Shot by Scott Harrington.
1:10 of 2nd period - Shot Misses the Net.
1:12 of 2nd period - Shot by Andrei Altybarmakyan.
1:12 of 2nd period - Stopped by Mikhal Berdin without a rebound.
1:13 of 2nd period - Brent Gates wins face-off versus Justin Dowling in Bears zone.
1:13 of 2nd period - Alexis D'Aoust is hit by Jordie Benn and loses puck.
1:42 of 2nd period - Shot by Joona Luoto.
1:42 of 2nd period - Shot Blocked by Bode Wilde.
1:44 of 2nd period - Shot by Jordie Benn.
1:44 of 2nd period - Deflect By Cole Koepke.
1:44 of 2nd period - Stopped by Ken Appleby with a rebound.
2:04 of 2nd period - Shot by Adam Cracknell .
2:04 of 2nd period - Stopped by Mikhal Berdin without a rebound.
2:05 of 2nd period - Adam Cracknell wins face-off versus Arttu Ruotsalainen in Bears zone.
2:12 of 2nd period - Buddy Robinson is hit by Trent Frederic and loses puck.
3:16 of 2nd period - Shot by Scott Harrington.
3:16 of 2nd period - Stopped by Mikhal Berdin without a rebound.
3:17 of 2nd period - Brendan Warren wins face-off versus Jay Beagle in Bears zone.
3:55 of 2nd period - Christoffer Ehn is hit by Julius Bergman and loses puck.
4:14 of 2nd period - Shot by Joona Luoto.
4:14 of 2nd period - Shot Misses the Net.
4:16 of 2nd period - Shot by Kyle Burroughs.
4:16 of 2nd period - Goal by Kyle Burroughs - Bears : 2 - Barracuda : 1.
4:17 of 2nd period - Alex Dostie wins face-off versus Arttu Ruotsalainen in neutral zone.
4:23 of 2nd period - Alex Dostie is hit by Dennis Gilbert and loses puck.
4:51 of 2nd period - Icing by Chad Krys.
4:52 of 2nd period - Adam Cracknell wins face-off versus Arttu Ruotsalainen in Bears zone.
4:59 of 2nd period - Shot by Arttu Ruotsalainen.
4:59 of 2nd period - Stopped by Ken Appleby without a rebound.
5:00 of 2nd period - Justin Dowling wins face-off versus Adam Cracknell in Barracuda zone.
5:22 of 2nd period - Andy Welinski is hit by Jordie Benn and loses puck.
5:38 of 2nd period - Shot by Cole Koepke.
5:38 of 2nd period - Shot Blocked by Andy Welinski.
5:54 of 2nd period - Shot by Austin Watson.
5:54 of 2nd period - Deflect By Maxim Letunov.
5:54 of 2nd period - Shot Misses the Net.
6:00 of 2nd period - Shot by Maxim Letunov.
6:00 of 2nd period - Shot Blocked by Matthew Phillips.
6:02 of 2nd period - Shot by Tyrell Goulbourne.
6:02 of 2nd period - Shot Hit the Post.
6:06 of 2nd period - Shot by Tyrell Goulbourne.
6:06 of 2nd period - Goal by Tyrell Goulbourne - Bears : 3 - Barracuda : 1.
6:07 of 2nd period - Brendan Warren wins face-off versus Arttu Ruotsalainen in neutral zone.
6:21 of 2nd period - Scott Harrington is hit by Dennis Gilbert and loses puck.
6:28 of 2nd period - Shot by Brendan Warren.
6:28 of 2nd period - Stopped by Mikhal Berdin without a rebound.
6:29 of 2nd period - Alex Dostie wins face-off versus Christoffer Ehn in Bears zone.
6:46 of 2nd period - Shot by Bode Wilde.
6:46 of 2nd period - Shot Blocked by Brennan Menell.
7:00 of 2nd period - Shot by Graham Knott.
7:00 of 2nd period - Shot Misses the Net.
7:02 of 2nd period - Shot by Graham Knott.
7:02 of 2nd period - Shot Blocked by Brennan Menell.
7:04 of 2nd period - Shot by Graham Knott.
7:04 of 2nd period - Deflect By Alex Dostie.
7:04 of 2nd period - Stopped by Mikhal Berdin with a rebound.
7:15 of 2nd period - Off-side.
7:16 of 2nd period - Brendan Warren wins face-off versus Justin Dowling in neutral zone.
7:32 of 2nd period - Icing by Jordie Benn.
7:33 of 2nd period - Adam Cracknell wins face-off versus Justin Dowling in Bears zone.
7:36 of 2nd period - Shot by Trent Frederic.
7:36 of 2nd period - Stopped by Mikhal Berdin with a rebound.
8:06 of 2nd period - Shot by Adam Cracknell .
8:06 of 2nd period - Stopped by Mikhal Berdin without a rebound.
8:07 of 2nd period - Arttu Ruotsalainen wins face-off versus Brendan Warren in Bears zone.
8:07 of 2nd period - Arttu Ruotsalainen is hit by Brent Gates.
8:35 of 2nd period - Icing by Robert Bortuzzo.
8:36 of 2nd period - Brendan Warren wins face-off versus Maxim Letunov in Barracuda zone.
8:46 of 2nd period - Icing by Kyle Burroughs.
8:47 of 2nd period - Adam Cracknell wins face-off versus Maxim Letunov in Bears zone.
8:54 of 2nd period - Shot by Matthew Phillips.
8:54 of 2nd period - Stopped by Mikhal Berdin without a rebound.
8:55 of 2nd period - Adam Cracknell wins face-off versus Joona Luoto in Bears zone.
9:05 of 2nd period - Icing by Joona Luoto.
9:06 of 2nd period - Justin Dowling wins face-off versus Brendan Warren in Bears zone.
9:31 of 2nd period - Icing by Jordie Benn.
9:32 of 2nd period - Adam Cracknell wins face-off versus Justin Dowling in Bears zone.
9:35 of 2nd period - Shot by Trent Frederic.
9:35 of 2nd period - Deflect By Adam Cracknell .
9:35 of 2nd period - Shot Misses the Net.
10:02 of 2nd period - Trent Frederic is hit by Gustav Olofsson and loses puck.
10:19 of 2nd period - Minor Penalty to Lean Bergmann for Holding.
10:20 of 2nd period - Jay Beagle wins face-off versus Brendan Warren in Bears zone.
10:30 of 2nd period - Nicolas Meloche is hit by Christoffer Ehn and loses puck.
11:12 of 2nd period - Nicolas Meloche is hit by Beck Malenstyn.
11:24 of 2nd period - Robert Bortuzzo is hit by Arttu Ruotsalainen and loses puck.
12:15 of 2nd period - Shot by Andy Welinski.
12:15 of 2nd period - Shot Misses the Net.
12:25 of 2nd period - Shot by Fredrik Olofsson.
12:25 of 2nd period - Shot Misses the Net.
12:34 of 2nd period - Minor Penalty to Jordy Bellerive for Holding.
12:35 of 2nd period - Adam Cracknell wins face-off versus Justin Dowling in Barracuda zone.
13:50 of 2nd period - Off-side.
13:51 of 2nd period - Justin Dowling wins face-off versus Brent Gates in neutral zone.
13:56 of 2nd period - Shot by Cole Koepke.
13:56 of 2nd period - Stopped by Ken Appleby without a rebound.
13:57 of 2nd period - Justin Dowling wins face-off versus Adam Cracknell in Barracuda zone.
14:00 of 2nd period - Shot by Joona Luoto.
14:00 of 2nd period - Deflect By Justin Dowling.
14:00 of 2nd period - Shot Blocked by Graham Knott.
14:06 of 2nd period - Shot by Cole Koepke.
14:06 of 2nd period - Stopped by Ken Appleby with a rebound.
14:08 of 2nd period - Shot by Cole Koepke.
14:08 of 2nd period - Stopped by Ken Appleby without a rebound.
14:09 of 2nd period - Justin Dowling wins face-off versus Brendan Warren in Barracuda zone.
14:12 of 2nd period - Shot by Justin Dowling.
14:12 of 2nd period - Stopped by Ken Appleby with a rebound.
14:24 of 2nd period - Shot by Joona Luoto.
14:24 of 2nd period - Shot Misses the Net.
14:26 of 2nd period - Shot by Chad Krys.
14:26 of 2nd period - Shot Blocked by Robert Bortuzzo.
14:28 of 2nd period - Shot by Cole Koepke.
14:28 of 2nd period - Shot Misses the Net.
14:30 of 2nd period - Shot by Justin Dowling.
14:30 of 2nd period - Shot Misses the Net.
14:32 of 2nd period - Shot by Cole Koepke.
14:32 of 2nd period - Shot Misses the Net.
14:34 of 2nd period - Shot by Chad Krys.
14:34 of 2nd period - Shot Misses the Net.
14:46 of 2nd period - Shot by Beck Malenstyn.
14:46 of 2nd period - Shot Blocked by Julius Bergman.
15:09 of 2nd period - Icing by Julius Bergman.
15:10 of 2nd period - Alex Dostie wins face-off versus Arttu Ruotsalainen in Barracuda zone.
15:12 of 2nd period - Icing by Graham Knott.
15:13 of 2nd period - Graham Knott wins face-off versus Arttu Ruotsalainen in Barracuda zone.
15:59 of 2nd period - Icing by Lean Bergmann.
16:00 of 2nd period - Arttu Ruotsalainen wins face-off versus Adam Cracknell in Bears zone.
16:13 of 2nd period - Shot by Trent Frederic.
16:13 of 2nd period - Shot Misses the Net.
16:15 of 2nd period - Shot by Andy Welinski.
16:15 of 2nd period - Shot Blocked by Jordie Benn.
16:17 of 2nd period - Shot by Adam Cracknell .
16:17 of 2nd period - Deflect By Trent Frederic.
16:17 of 2nd period - Shot Blocked by Gustav Olofsson.
16:17 of 2nd period - Gustav Olofsson from Bears is injured at 16:17 of 2nd period (Right Ankle).
16:18 of 2nd period - Justin Dowling wins face-off versus Brendan Warren in Bears zone.
16:18 of 2nd period - Justin Dowling is hit by Brent Gates.
16:26 of 2nd period - Shot by Brendan Warren.
16:26 of 2nd period - Stopped by Mikhal Berdin with a rebound.
16:28 of 2nd period - Shot by Robert Bortuzzo.
16:28 of 2nd period - Shot Misses the Net.
16:38 of 2nd period - Shot by Brendan Warren.
16:38 of 2nd period - Goal by Brendan Warren - Bears : 3 - Barracuda : 2.
16:39 of 2nd period - Christoffer Ehn wins face-off versus Adam Cracknell in neutral zone.
16:55 of 2nd period - Icing by Brennan Menell.
16:56 of 2nd period - Christoffer Ehn wins face-off versus Brendan Warren in Bears zone.
16:56 of 2nd period - Christoffer Ehn is hit by Alexis D'Aoust.
17:05 of 2nd period - Brennan Menell is hit by Robert Bortuzzo and loses puck.
18:19 of 2nd period - Shot by Trent Frederic.
18:19 of 2nd period - Stopped by Mikhal Berdin without a rebound.
18:20 of 2nd period - Justin Dowling wins face-off versus Andrei Altybarmakyan in Bears zone.
18:37 of 2nd period - Shot by Graham Knott.
18:37 of 2nd period - Stopped by Mikhal Berdin without a rebound.
18:38 of 2nd period - Jordy Bellerive wins face-off versus Arttu Ruotsalainen in Bears zone.
18:39 of 2nd period - Shot by Scott Harrington.
18:39 of 2nd period - Shot Misses the Net.
18:53 of 2nd period - Shot by Fredrik Olofsson.
18:53 of 2nd period - Goal by Fredrik Olofsson - Bears : 3 - Barracuda : 3.
18:54 of 2nd period - Justin Dowling wins face-off versus Adam Cracknell in neutral zone.
18:58 of 2nd period - Minor Penalty to Nicolas Meloche for Holding.
18:59 of 2nd period - Adam Cracknell wins face-off versus Justin Dowling in Barracuda zone.
19:15 of 2nd period - Shot by Jordie Benn.
19:15 of 2nd period - Shot Misses the Net.
19:23 of 2nd period - Shot by Joona Luoto.
19:23 of 2nd period - Stopped by Ken Appleby with a rebound.
Goals for this period are 2 for Bears vs 2 for Barracuda.
Shots for this period are 10 for Bears vs 14 for Barracuda.

3rd period


0:01 of 3rd period - Justin Dowling wins face-off versus Adam Cracknell in neutral zone.
0:56 of 3rd period - Shot by Dennis Gilbert.
0:56 of 3rd period - Stopped by Ken Appleby with a rebound.
1:00 of 3rd period - Shot by Lean Bergmann.
1:00 of 3rd period - Stopped by Ken Appleby with a rebound.
1:16 of 3rd period - Shot by Alex Dostie.
1:16 of 3rd period - Stopped by Mikhal Berdin with a rebound.
1:28 of 3rd period - Shot by Andrei Altybarmakyan.
1:28 of 3rd period - Shot Misses the Net.
1:56 of 3rd period - Icing by Arttu Ruotsalainen.
1:57 of 3rd period - Adam Cracknell wins face-off versus Arttu Ruotsalainen in Bears zone.
2:13 of 3rd period - Minor Penalty to Lean Bergmann for Hooking.
2:14 of 3rd period - Jay Beagle wins face-off versus Brendan Warren in Bears zone.
2:43 of 3rd period - Shot by Scott Harrington.
2:43 of 3rd period - Shot Misses the Net.
2:45 of 3rd period - Shot by Scott Harrington.
2:45 of 3rd period - Shot Misses the Net.
2:47 of 3rd period - Shot by Brent Gates.
2:47 of 3rd period - Shot Misses the Net.
2:49 of 3rd period - Shot by Brendan Warren.
2:49 of 3rd period - Shot Misses the Net.
2:51 of 3rd period - Shot by Brent Gates.
2:51 of 3rd period - Shot Hit the Post.
3:07 of 3rd period - Shot by Andy Welinski.
3:07 of 3rd period - Shot Misses the Net.
3:09 of 3rd period - Shot by Andy Welinski.
3:09 of 3rd period - Shot Misses the Net.
3:36 of 3rd period - Shot by Trent Frederic.
3:36 of 3rd period - Stopped by Mikhal Berdin without a rebound.
3:37 of 3rd period - Arttu Ruotsalainen wins face-off versus Brendan Warren in Bears zone.
3:51 of 3rd period - Off-side.
3:52 of 3rd period - Matthew Phillips wins face-off versus Arttu Ruotsalainen in neutral zone.
4:02 of 3rd period - Shot by Adam Cracknell .
4:02 of 3rd period - Shot Misses the Net.
4:11 of 3rd period - Matthew Phillips is hit by Kyle Burroughs and loses puck.
4:14 of 3rd period - Shot by Fredrik Olofsson.
4:14 of 3rd period - Shot Misses the Net.
5:02 of 3rd period - Icing by Joona Luoto.
5:03 of 3rd period - Brendan Warren wins face-off versus Justin Dowling in Bears zone.
5:30 of 3rd period - Brendan Warren is hit by Justin Dowling and loses puck.
6:04 of 3rd period - Off-side.
6:05 of 3rd period - Adam Cracknell wins face-off versus Maxim Letunov in neutral zone.
6:05 of 3rd period - Adam Cracknell is hit by Austin Watson.
6:16 of 3rd period - Shot by Maxim Letunov.
6:16 of 3rd period - Shot Misses the Net.
6:18 of 3rd period - Shot by Tyrell Goulbourne.
6:18 of 3rd period - Stopped by Ken Appleby without a rebound.
6:19 of 3rd period - Alex Dostie wins face-off versus Christoffer Ehn in Barracuda zone.
6:19 of 3rd period - Alex Dostie is hit by Jay Beagle.
6:35 of 3rd period - Shot by Alex Dostie.
6:35 of 3rd period - Stopped by Mikhal Berdin with a rebound.
6:37 of 3rd period - Shot by Graham Knott.
6:37 of 3rd period - Shot Misses the Net.
6:39 of 3rd period - Shot by Julius Bergman.
6:39 of 3rd period - Shot Misses the Net.
6:57 of 3rd period - Shot by Graham Knott.
6:57 of 3rd period - Stopped by Mikhal Berdin without a rebound.
6:58 of 3rd period - Arttu Ruotsalainen wins face-off versus Adam Cracknell in Bears zone.
7:14 of 3rd period - Icing by Nicolas Meloche.
7:15 of 3rd period - Adam Cracknell wins face-off versus Maxim Letunov in Barracuda zone.
7:35 of 3rd period - Shot by Matthew Phillips.
7:35 of 3rd period - Shot Misses the Net.
8:58 of 3rd period - Icing by Graham Knott.
8:59 of 3rd period - Andrei Altybarmakyan wins face-off versus Lean Bergmann in Barracuda zone.
9:05 of 3rd period - Off-side.
9:06 of 3rd period - Arttu Ruotsalainen wins face-off versus Jordy Bellerive in neutral zone.
10:09 of 3rd period - Shot by Maxim Letunov.
10:09 of 3rd period - Stopped by Ken Appleby with a rebound.
11:23 of 3rd period - Minor Penalty to Nicolas Meloche for Holding.
11:24 of 3rd period - Arttu Ruotsalainen wins face-off versus Brendan Warren in Barracuda zone.
11:43 of 3rd period - Shot by Lean Bergmann.
11:43 of 3rd period - Shot Blocked by Robert Bortuzzo.
11:45 of 3rd period - Shot by Dennis Gilbert.
11:45 of 3rd period - Stopped by Ken Appleby with a rebound.
11:47 of 3rd period - Shot by Chad Krys.
11:47 of 3rd period - Shot Misses the Net.
11:49 of 3rd period - Shot by Chad Krys.
11:49 of 3rd period - Shot Misses the Net.
11:51 of 3rd period - Shot by Dennis Gilbert.
11:51 of 3rd period - Shot Blocked by Robert Bortuzzo.
11:53 of 3rd period - Shot by Arttu Ruotsalainen.
11:53 of 3rd period - Shot Blocked by Brendan Warren.
12:22 of 3rd period - Icing by Jordie Benn.
12:23 of 3rd period - Justin Dowling wins face-off versus Graham Knott in Bears zone.
12:44 of 3rd period - Shot by Tyrell Goulbourne.
12:44 of 3rd period - Stopped by Ken Appleby without a rebound.
12:45 of 3rd period - Justin Dowling wins face-off versus Adam Cracknell in Barracuda zone.
12:56 of 3rd period - Shot by Joona Luoto.
12:56 of 3rd period - Deflect By Justin Dowling.
12:56 of 3rd period - Shot Blocked by Adam Cracknell .
12:58 of 3rd period - Shot by Justin Dowling.
12:58 of 3rd period - Stopped by Ken Appleby with a rebound.
13:00 of 3rd period - Shot by Cole Koepke.
13:00 of 3rd period - Goal by Cole Koepke - Bears : 4 - Barracuda : 3.
13:01 of 3rd period - Brendan Warren wins face-off versus Christoffer Ehn in neutral zone.
13:09 of 3rd period - Shot by Julius Bergman.
13:09 of 3rd period - Stopped by Mikhal Berdin without a rebound.
13:10 of 3rd period - Arttu Ruotsalainen wins face-off versus Alex Dostie in Bears zone.
13:10 of 3rd period - Arttu Ruotsalainen is hit by Andrei Altybarmakyan.
13:39 of 3rd period - Alex Dostie is hit by Kyle Burroughs and loses puck.
14:17 of 3rd period - Shot by Alexis D'Aoust.
14:17 of 3rd period - Stopped by Mikhal Berdin with a rebound.
15:31 of 3rd period - Icing by Justin Dowling.
15:32 of 3rd period - Alex Dostie wins face-off versus Joona Luoto in Bears zone.
15:38 of 3rd period - Minor Penalty to Graham Knott for High sticking.
15:38 of 3rd period - Minor Penalty to Chad Krys for Hooking.
15:39 of 3rd period - Jay Beagle wins face-off versus Adam Cracknell in Bears zone.
15:39 of 3rd period - Jay Beagle is hit by Trent Frederic.
15:42 of 3rd period - Jordie Benn is hit by Adam Cracknell and loses puck.
15:50 of 3rd period - Icing by Jay Beagle.
15:51 of 3rd period - Jay Beagle wins face-off versus Adam Cracknell in Bears zone.
15:57 of 3rd period - Jay Beagle is hit by Robert Bortuzzo and loses puck.
16:04 of 3rd period - Shot by Beck Malenstyn.
16:04 of 3rd period - Shot Hit the Post.
16:06 of 3rd period - Shot by Jay Beagle.
16:06 of 3rd period - Stopped by Ken Appleby without a rebound.
16:07 of 3rd period - Adam Cracknell wins face-off versus Jay Beagle in Barracuda zone.
16:18 of 3rd period - Andy Welinski is hit by Beck Malenstyn and loses puck.
17:01 of 3rd period - Shot by Brendan Warren.
17:01 of 3rd period - Shot Misses the Net.
17:12 of 3rd period - Icing by Tyrell Goulbourne.
17:13 of 3rd period - Brendan Warren wins face-off versus Christoffer Ehn in Bears zone.
17:14 of 3rd period - Shot by Scott Harrington.
17:14 of 3rd period - Shot Blocked by Tyrell Goulbourne.
17:16 of 3rd period - Shot by Brent Gates.
17:16 of 3rd period - Shot Misses the Net.
17:28 of 3rd period - Shot by Tyrell Goulbourne.
17:28 of 3rd period - Stopped by Ken Appleby without a rebound.
17:29 of 3rd period - Jay Beagle wins face-off versus Adam Cracknell in Barracuda zone.
17:45 of 3rd period - Anatoly Golyshev is hit by Jordie Benn and loses puck.
17:51 of 3rd period - Jordy Bellerive is hit by Chad Krys and loses puck.
18:13 of 3rd period - Shot by Anatoly Golyshev.
18:13 of 3rd period - Stopped by Mikhal Berdin without a rebound.
18:14 of 3rd period - Justin Dowling wins face-off versus Brendan Warren in Bears zone.
18:18 of 3rd period - Cole Koepke is hit by Nicolas Meloche and loses puck.
18:24 of 3rd period - Off-side.
18:25 of 3rd period - Christoffer Ehn wins face-off versus Alex Dostie in neutral zone.
18:35 of 3rd period - Beck Malenstyn is hit by Graham Knott.
18:43 of 3rd period - Shot by Andrei Altybarmakyan.
18:43 of 3rd period - Shot Misses the Net.
18:45 of 3rd period - Shot by Graham Knott.
18:45 of 3rd period - Stopped by Mikhal Berdin without a rebound.
18:46 of 3rd period - Adam Cracknell wins face-off versus Cole Koepke in Bears zone.
18:46 of 3rd period - Adam Cracknell is hit by Dennis Gilbert.
18:52 of 3rd period - Shot by Matthew Phillips.
18:52 of 3rd period - Stopped by Mikhal Berdin without a rebound.
18:53 of 3rd period - Justin Dowling wins face-off versus Adam Cracknell in Bears zone.
18:53 of 3rd period - Minor Penalty to Trent Frederic for Tripping.
18:54 of 3rd period - Justin Dowling wins face-off versus Adam Cracknell in Barracuda zone.
19:27 of 3rd period - Shot by Brennan Menell.
19:27 of 3rd period - Shot Misses the Net.
19:35 of 3rd period - Shot by Justin Dowling.
19:35 of 3rd period - Shot Blocked by Graham Knott.
Goals for this period are 1 for Bears vs 0 for Barracuda.
Shots for this period are 10 for Bears vs 9 for Barracuda.